Match 41922636
Unlisted

Match 41922636
End
Pioneer Squad
Construct Infanterie Kompanie
MG 42 Machine Gun Team
Selects Terror Battlegroup
Selects Machine Gun Camouflage
MG 42 Machine Gun Team
Grenadier Squad
Grenadier Squad
Construct Panzergrenadier Kompanie
Pak 40 Anti-tank Gun Team
Panzergrenadier Squad
Selects Contempt for the Weak
Grand.G
Eurelia
0
0

Comments sign in to comment!

No comments posted yet!